 Dungeon Crawl Stone Soup version 0.26.1-2-gb8aa6d0cf2 (webtiles) character file.

Game seed: 3099191296482980905

54 pokeman the Magician (level 3, 0/20 HPs)
             Began as a Deep Elf Hedge Wizard on Feb 13, 2021.
             Slain by an adder (2 damage)
             ... on level 2 of the Dungeon.
             The game lasted 00:02:42 (1966 turns).

pokeman the Magician (Deep Elf Hedge Wizard)        Turns: 1966, Time: 00:02:43

Health: 0/20       AC:  5    Str:  7    XL:     3   Next: 66%
Magic:  0/11       EV: 12    Int: 19    God:
Gold:   109        SH:  0    Dex: 14    Spells: 1/12 levels left

rFire    . . .     SeeInvis .   j - +0 hand axe (vorpal)
rCold    . . .     Faith    .   (no shield)
rNeg     . . .     Spirit   .   m - +0 leather armour
rPois    +         Reflect  .   c - +0 hat
rElec    .         Harm     .   (no cloak)
rCorr    .         Rampage  .   l - +1 pair of gloves
Will     .....                  (no boots)
Stlth    ++........             (no amulet)
HPRegen  0.06/turn              e - ring of poison resistance
MPRegen  0.12/turn              (no ring)

@: very slightly contaminated
A: no striking features
a: no special abilities


You were on level 2 of the Dungeon.
You visited 1 branch of the dungeon, and saw 2 of its levels.

You collected 109 gold pieces.

Inventory:

Hand Weapons
 j - a +0 vorpal hand axe (weapon)
Missiles
 a - 45 bolts
 n - 16 arrows
Armour
 c - a +0 hat (worn)
 k - a +0 buckler
 l - a +1 pair of gloves (worn)
 m - a +0 leather armour (worn)
Jewellery
 e - a ring of poison resistance (left hand)
Scrolls
 d - a scroll of identify {unknown}
 f - a scroll of random uselessness {unknown}
 h - 2 scrolls of immolation {unknown}
Potions
 b - a potion of curing {unknown}
 g - 2 potions of attraction {unknown}
 i - a potion of brilliance {unknown}


   Skills:
 - Level 1.0 Fighting
 - Level 1.0 Armour
 + Level 2.5 Dodging
 - Level 2.4 Stealth
 + Level 0.0 Shields
 * Level 5.3 Spellcasting
 + Level 2.0 Conjurations
 - Level 1.1 Summonings
 - Level 1.1 Translocations


You had one spell level left.
You knew the following spells:

 Your Spells              Type           Power        Failure   Level
a - Magic Dart            Conj           48%          8%          1
b - Mephitic Cloud        Conj/Pois/Air  7%           36%         3
c - Call Imp              Summ           9%           17%         2
d - Blink                 Tloc           N/A          17%         2
e - Conjure Flame         Conj/Fire      8%           34%         3

Your spell library contained the following spells:

 Spells                   Type           Power        Failure   Level
 Slow                     Hex            5%           26%         2


Dungeon Overview and Level Annotations

Branches:
Dungeon (2/15)

Altars:
Kikubaaqudgha
Makhleb
Sif Muna


Message History

You miscast Magic Dart.
You are very lightly contaminated with residual magic.
Nothing appears to happen.
The adder bites you but does no damage.
Casting: Magic Dart (safe; 8% risk of failure)
Confirm with . or Enter, or press ? or * to list all spells.
You don't have enough magic to cast that spell.
Unknown command.
Casting: Magic Dart (safe; 8% risk of failure)
Confirm with . or Enter, or press ? or * to list all spells.
You don't have enough magic to cast that spell.
Unknown command.
You hit the adder.
The adder is almost dead.
The adder bites you. The adder closely misses you.
You barely miss the adder.
The adder is almost dead.
The adder bites you.
* * * LOW HITPOINT WARNING * * *
The adder bites you.
You die...

#.#.# #.#.# #. #.#.## ##...
#....# ##... #...## ... ##..#
##.# #..# ###!.##.##. #..#
#######..........
#####..#######..@Sg...........
.............#.###.#.#.##..?.#
.......#####.#†# #...#.# .....
#####.#......#.####.##.# ..##
........###..#.##.._...# ##
†.....### #......(#.#......
.###### ####.###..##.####
.#############.# #.## <#
...............# #.. #


You could see an adder and a goblin.

Vanquished Creatures
  An adder (D:2)
  2 oozes
  A dart slug (D:2)
  A leopard gecko (D:1)
  3 bats
  2 giant cockroaches (D:1)
  5 goblins
  4 hobgoblins
  A ball python (D:1)
  2 frilled lizards
  4 kobolds
  8 rats
34 creatures vanquished.

Notes
Turn   | Place    | Note
-------+----------+-------------------------------------------
     0 | D:1      | pokeman the Deep Elf Hedge Wizard began the quest for the
                  | Orb.
     0 | D:1      | Reached XP level 1. HP: 10/10 MP: 7/7
   388 | D:1      | Reached XP level 2. HP: 16/16 MP: 2/9
  1021 | D:1      | Reached skill level 5 in Spellcasting
  1395 | D:2      | Reached XP level 3. HP: 15/20 MP: 4/11
  1399 | D:2      | Learned a level 3 spell: Mephitic Cloud
  1402 | D:2      | Learned a level 2 spell: Call Imp
  1405 | D:2      | Learned a level 2 spell: Blink
  1409 | D:2      | Learned a level 3 spell: Conjure Flame
  1554 | D:2      | Found an ancient bone altar of Kikubaaqudgha.
  1554 | D:2      | Found a shimmering blue altar of Sif Muna.
  1867 | D:2      | Reached skill level 1 in Armour
  1931 | D:2      | Found a burning altar of Makhleb.
  1953 | D:2      | Reached skill level 1 in Fighting
  1966 | D:2      | Slain by an adder

Illustrated notes

Levels and vault maps discovered:
D:1:      minmay_arrival_four_loops, layout_loops_ring, minivault_26
D:2:      layout_loops_ring, general_overflow_altar, lemuel_crystal_altar,
          chequers_temple_overflow_statue_of_worship, grunt_ministairs_13

Skill      XL: |  1  2  3 |
---------------+----------+-----
Spellcasting   | 5 |  5.3
Armour         | 1 |  1.0
Fighting       | 1 |  1.0
Conjurations   | 2 |  2.0
Dodging        | |  2.5
Stealth        | |  2.4
Summonings     | |  1.1
Translocations | |  1.1

Action                   || total
-------------------------++-------
Melee: Dagger            ||     6
       Hand axe          ||     2
 Cast: Magic Dart        ||    96
Armor: Robe              ||     1
       Leather armour    ||     2
Dodge: Dodged            ||    25
